 Dungeon Crawl Stone Soup version 0.27-a0-333-gfa571bf19a (webtiles) character file.

Game seed: 5150039417398968773

274 Chiseanne the Skirmisher (level 6, -8/62 HPs)
             Began as a Troll Wanderer on Feb 12, 2021.
             Was an Initiate of Okawaru.
             Mangled by Menkaure (18 damage)
             ... on level 4 of the Dungeon.
             The game lasted 00:07:25 (1090 turns).

Chiseanne the Skirmisher (Troll Wanderer)           Turns: 1090, Time: 00:07:26

Health: -8/62      AC:  8    Str: 24    XL:     6   Next: 3%
Magic:  5/5        EV: 10    Int:  8    God:    Okawaru [......]
Gold:   133        SH:  4    Dex: 10    Spells: 5/5 levels left

rFire    . . .     SeeInvis .   (no weapon)
rCold    . . .     Faith    .   (no shield)
rNeg     . . .     Spirit   .   d - +2 robe
rPois    .         Reflect  .   (helmet restricted)
rElec    .         Harm     .   (no cloak)
rCorr    .         Rampage  .   (gloves unavailable)
Will     .....                  (boots unavailable)
Stlth    +.........             (no amulet)
HPRegen  0.60/turn              (no ring)
MPRegen  0.09/turn              (no ring)

@: no status effects
A: large, unfitting armour, claws 3, large bone plates 1, regeneration 1, shaggy
fur 1, strong 1, tough skin 3
a: Renounce Religion


You were on level 4 of the Dungeon.
You worshipped Okawaru.
Okawaru was noncommittal.
You visited 2 branches of the dungeon, and saw 5 of its levels.

You collected 133 gold pieces.

Inventory:

Missiles
 e - 109 stones (quivered)
 g - 4 boomerangs
 h - 24 sling bullets
 n - 10 arrows
Armour
 d - a +2 robe (worn)
Scrolls
 c - a scroll of teleportation
Potions
 b - 3 potions of lignification
 i - a potion of haste
 j - a potion of heal wounds
 k - a potion of flight
 l - a potion of curing {unknown}
 o - a potion of might {unknown}


   Skills:
 * Level 4.0 Fighting
 - Level 1.5 Short Blades
 - Level 1.0 Maces & Flails
 * Level 3.1 Throwing
 - Level 1.9 Dodging
 - Level 1.0 Stealth
 - Level 1.3 Evocations


You had 5 spell levels left.
You didn't know any spells.
Your spell library was empty.

Dungeon Overview and Level Annotations

Branches:
Dungeon (4/15)             Temple (1/1) D:4

Altars:
Makhleb
Okawaru
Ru
Trog
Uskayaw

Annotations:
D:4 Menkaure


Innate Abilities, Weirdness & Mutations

You are too large for most types of armour.
You have claws for hands.
Your natural rate of healing is unusually fast.
You are covered in fur. (AC +1)
You have extremely tough skin. (AC +3)
You are partially covered in large bone plates. (SH +4)
Your muscles are strong. (Str +2)


Message History

You throw a large rock. The large rock hits Blork the orc!!
Blork the orc is severely wounded.
Blork the orc casts a spell at you. The magic dart hits you.
Menkaure gestures wildly while chanting.
Menkaure seems to speed up.
Throw: 2 large rocks
Press: ? - help, Q - select action, (/) - cycle Shift-Dir - straight line, f/p - Menkaure
Aim: Menkaure (fast, 72% to hit)
You throw a large rock. The large rock hits Blork the orc!!
You kill Blork the orc!
Okawaru accepts your kill.
Menkaure blazes with dark energy!
Your Fighting skill increases to level 4!
Your Throwing skill increases to level 3!
You have reached level 6!
Your experience leads to an increase in your attributes!
Your base attributes are Str 21, Int 8, Dex 9.
Increase (s)trength, (i)ntelligence, or (d)exterity?
You feel agile.
You feel stronger.
You scratch Menkaure but do no damage. You block Menkaure's attack.
Menkaure hits you.
You scratch Menkaure.
Menkaure is lightly damaged.
Menkaure barely misses you.
You scratch Menkaure.
Menkaure is moderately damaged.
Menkaure mumbles, "Let me perform the rites..."
Menkaure hits you!
You scratch Menkaure but do no damage.
Menkaure is moderately damaged.
Menkaure hits you!!
* * * LOW HITPOINT WARNING * * *
Throw: large rock
Press: ? - help, Q - select action, (/) - cycle Shift-Dir - straight line, f/p - Menkaure
Aim: Menkaure (moderately damaged, fast, 74% to hit)
You throw a large rock. The large rock hits Menkaure!!
Menkaure is almost destroyed.
Menkaure hits you!!
You die...

#.........^..............
....................
#....................
##.##...........>....
###+###...............
#.....#.........#.....
#.###.#...............
+.#>#.'...............
#.#'#@#...............
#...M.#...#...........
###(###...#......##...
#.......#..##.#####....
#..#....##..#.. #.....
#..##(M...<.. ......###
... ......##........ ....
................ #.#.
#...<............


You could see Menkaure (fast).

Vanquished Creatures
  An ogre (D:2)
  Blork the orc (D:4)
  A howler monkey (D:3)
  A hound skeleton (D:4)
  A howler monkey skeleton (D:4)
  3 adders
  An ooze (D:3)
  A worm (D:2)
  3 leopard geckos
  An orc (D:3)
  5 giant cockroaches
  3 hobgoblins
  3 bats
  4 frilled lizards
  6 goblins
  3 kobolds
  5 rats
43 creatures vanquished.

Notes
Turn   | Place    | Note
-------+----------+-------------------------------------------
     0 | D:1      | Chiseanne the Troll Wanderer began the quest for the Orb.
     0 | D:1      | Chiseanne set off with the following items: a +0 club, a
                  | potion of lignification, a scroll of teleportation, a +2
                  | robe
     0 | D:1      | Reached XP level 1. HP: 19/19 MP: 0/0
   159 | D:1      | Reached XP level 2. HP: 26/28 MP: 1/1
   214 | D:2      | Reached skill level 2 in Fighting
   252 | D:2      | Found a hide-covered altar of Uskayaw.
   366 | D:2      | Reached XP level 3. HP: 32/36 MP: 2/2
   444 | D:2      | Noticed an ogre
   459 | D:2      | Killed an ogre
   460 | D:2      | Reached skill level 3 in Fighting
   460 | D:2      | Reached skill level 1 in Throwing
   460 | D:2      | Reached XP level 4. HP: 45/45 MP: 3/3
   466 | D:2      | Found a bloodstained altar of Trog.
   650 | D:3      | Gained mutation: You are partially covered in large bone
                  | plates. (SH +4) [potion of mutation]
   650 | D:3      | Gained mutation: Your muscles are strong. (Str +2) [potion
                  | of mutation]
   684 | D:3      | Reached XP level 5. HP: 44/53 MP: 4/4
   684 | D:3      | Found a sacrificial altar of Ru.
  1012 | D:4      | Found a staircase to the Ecumenical Temple.
  1026 | Temple   | Entered the Ecumenical Temple
  1055 | Temple   | Became a worshipper of Warmaster Okawaru
  1079 | D:4      | Noticed Blork the orc
  1079 | D:4      | Noticed Menkaure
  1085 | D:4      | Killed Blork the orc
  1086 | D:4      | Reached skill level 4 in Fighting
  1086 | D:4      | Reached XP level 6. HP: 45/62 MP: 5/5
  1090 | D:4      | Mangled by Menkaure

Illustrated notes

Levels and vault maps discovered:
D:1:      amcnicky_arrival_single_pillar, layout_basic, st_stairs_10
D:2:      layout_loops_ring, general_overflow_altar, marbit_many_paths
D:3:      layout_loops_ring, zin_angel, nicolae_ru_sacrificial_ziggurat
D:4:      layout_cave_pools, minmay_temple_entry_glassed_door,
          minmay_misc_feat_pillars, uniq_blork_the_orc, uniq_menkaure
Temple:   nicolae_temple_figure_eight

Skill      XL: |  1  2  3  4  5 |
---------------+----------------+-----
Fighting       | 2 3 4 |  4.0
Throwing       | 1 2 3 |  3.1
Short Blades   | |  1.5
Maces & Flails | |  1.0
Dodging        | |  1.9
Stealth        | |  1.0
Evocations     | |  1.3

Action                   |  1- 3 |  4- 6 || total
-------------------------+-------+-------++-------
Melee: Unarmed           |    87 |    88 ||   175
Throw: Large rock        |       |     4 ||     4
  Use: Scroll            |       |     7 ||     7
       Potion            |       |     1 ||     1
 Stab: Sleeping          |     1 |       ||     1
Armor: Robe              |    33 |    38 ||    71
Dodge: Dodged            |    42 |    39 ||    81
Block: Other             |       |     7 ||     7

Table legend: (Time is in decaauts)
 A = Elapsed time spent in this place.
 B = Non-inter-level travel time spent in this place.
 C = Inter-level travel time spent in this place.
 D = Time resting spent in this place.
 E = Time spent auto-exploring this place.
 F = Levels seen in this place.
 G = Mean time per level.
                   A        B        C        D        E       F      G
               +--------+--------+--------+--------+--------+-----+--------+
         Total |   1093 |   1072 |     21 |     30 |      0 |   5 |  218.6 |
       Dungeon |   1043 |   1042 |      1 |     30 |      0 |   4 |  260.8 |
        Temple |     49 |     29 |     20 |      0 |      0 |   1 |   49.0 |
               +--------+--------+--------+--------+--------+-----+--------+

Top non-repeatable levels by time:
     D:2: 336 daAuts
     D:4: 282 daAuts
     D:3: 232 daAuts
     D:1: 192 daAuts
  Temple: 49 daAuts
